 Dungeon Crawl Stone Soup version 0.30-a0-49-g1cef19eb02 (webtiles) character file.

Game seed: 14023120240320083339

19024 Newt the Skirmisher (level 12, -4/69 (89) HPs)
             Began as a Demonspawn Gladiator on Sept 2, 2022.
             Was an Initiate of Gozag.
             Slain by a skeletal warrior
             ... wielding a +2 short sword of draining
              (8 damage)
             ... on level 12 of the Dungeon.
             The game lasted 00:27:10 (12047 turns).

Newt the Skirmisher (Demonspawn Gladiator)         Turns: 12047, Time: 00:27:11

HP:   -4/69 (89)    AC: 15    Str: 16    XL:     12   Next: 32%
MP:   20/24         EV: 14    Int: 14    God:    Gozag
Gold: 1360          SH:  0    Dex: 23    Spells: 21/27 levels left

rFire   . . .      SeeInvis .    h - +5 arbalest
rCold   . . .      Faith    .    (shield currently unavailable)
rNeg    . . .      Spirit   .    V - +3 leather armour {Will+}
rPois   .          Reflect  .    c - +1 helmet {Int+3}
rElec   .          Harm     .    y - scarf {repulsion}
rCorr   .          Rampage  .    B - +1 pair of gloves
Will    +....                    (no boots)
Stlth   ++........               i - amulet of regeneration
HPRegen 1.01/turn                x - +4 ring of protection
MPRegen 0.19/turn                H - +6 ring of dexterity

@: heavily drained, repel missiles
A: foul stench 2, demonic magic 2, demonic touch 2
a: Renounce Religion, Potion Petition, Call Merchant, Bribe Branch


You were on level 12 of the Dungeon.
You worshipped Gozag.
Gozag was most pleased with you.
You visited 1 branch of the dungeon, and saw 12 of its levels.

You collected 2414 gold pieces.
You spent 569 gold pieces at shops.
You paid 485 gold pieces to Gozag.

Inventory:

Hand Weapons
 a - a +0 rapier
 g - a +0 sling
 h - a +5 arbalest (weapon)
 l - a +0 whip of venom
 U - a +0 arbalest of flaming
Missiles
 e - a javelin
Armour
 c - a +1 helmet of intelligence (worn)
 r - the +1 ring mail of Too Many Cooks {Int+3}
   (You found it on level 2 of the Dungeon)

   Int:       It affects your intelligence (+3).
 u - the +1 chain mail of Pantheism {Str+5 Dex+4}
   (You took it off an orc on level 3 of the Dungeon)

   Str:       It affects your strength (+5).
   Dex:       It affects your dexterity (+4).
 y - a scarf of repulsion (worn)
 B - a +1 pair of gloves (worn)
 C - a +2 chain mail of cold resistance
 L - the +1 helmet of the Sacrificial Victim {rF+}
   (You found it on level 8 of the Dungeon)

   rF:        It protects you from fire.
 M - +2 steam dragon scales
 P - a scarf of resistance
 V - a +3 leather armour of willpower (worn)
 X - the +6 plate armour "Didoluas" {-Cast rPois Slay+2}
   (You found it on level 11 of the Dungeon)

   Slay:      It affects your accuracy & damage with ranged weapons and melee
   (+2).
   rPois:     It protects you from poison.
   -Cast:     It prevents spellcasting.
 Z - the +2 chain mail "Haot" {+Blink +Inv rPois}
   (You found it on level 11 of the Dungeon)

   rPois:     It protects you from poison.
   +Inv:      It lets you turn invisible.
   +Blink:    It lets you blink.
Jewellery
 i - an amulet of regeneration (around neck)
 x - a +4 ring of protection (left hand)
 H - a +6 ring of dexterity (right hand)
Wands
 b - a wand of polymorph (5)
 t - a wand of digging (4)
 v - a wand of roots (4)
 z - a wand of flame (23)
Scrolls
 d - a scroll of silence {unknown}
 k - 2 scrolls of fear
 s - 4 scrolls of teleportation
 G - 4 scrolls of butterflies
 I - 3 scrolls of magic mapping
 J - 2 scrolls of immolation
 K - 5 scrolls of identify
 N - a scroll of summoning
 T - a scroll of amnesia
Potions
 f - 5 potions of ambrosia
 j - 3 potions of flight
 n - 3 potions of magic
 p - a potion of might
 q - 3 potions of brilliance
 w - a potion of berserk rage
 E - 4 potions of curing
 F - 4 potions of mutation
 O - 2 potions of haste
 Y - a potion of lignification
Miscellaneous
 Q - a piece from Xom's chessboard (15/15)
 S - a phial of floods
 W - a box of beasts


   Skills:
 + Level 6.9 Fighting
 - Level 2.6 Short Blades
 - Level 5.0 Maces & Flails
 - Level 8.6 Ranged Weapons
 - Level 1.7 Throwing
 - Level 5.0 Armour
 - Level 4.0 Dodging
 - Level 2.0 Stealth
 - Level 8.0 Spellcasting
 - Level 8.0 Hexes
 - Level 8.0 Translocations


You had 21 spell levels left.
You knew the following spells:

 Your Spells              Type           Power      Damage    Failure   Level
a - Portal Projectile     Hex/Tloc       56%        N/A       1%          3
b - Gell's Gravitas       Tloc           28%        N/A       1%          3

Your spell library contained the following spells:

 Spells                   Type           Power      Damage    Failure   Level
 Foxfire                  Conj/Fire      20%        2x1d5     16%         1
 Leda's Liquefaction      Hex/Erth       8%         N/A       28%         4
 Call Canine Familiar     Summ           5%         N/A       41%         3
 Ignite Poison            Fire/Tmut/Pois 5%         N/A       41%         3
 Mephitic Cloud           Conj/Pois/Air  5%         N/A       41%         3
 Freezing Cloud           Conj/Ice/Air   2%         6-21      99%         5
 Iskenderun's Battlesphe  Conj           5%         2d6       99%         5
 Iron Shot                Conj/Erth      2%         9d2       100%        6
 Starburst                Conj/Fire      2%         6d3       100%        6
 Spellforged Servitor     Conj/Summ      2%         N/A       100%        7
 Polar Vortex             Ice            2%         N/A       100%        9
 Simulacrum               Ice/Necr       Unusable   N/A       N/A         6

Dungeon Overview and Level Annotations

Branches:
Dungeon (12/15)            Temple (0/1) D:6            Lair (0/5) D:11
    Orc (0/2) D:12

Altars:
Cheibriados
Gozag
Hepliaklqana
Kikubaaqudgha
Makhleb
Nemelex Xobeh
Qazlal
Ru
Uskayaw
Vehumet
Wu Jian
Yredelemnul

Shops:
D:10 *   D:12 [*


Innate Abilities, Weirdness & Mutations

You sometimes emit foul miasma when damaged in melee.
Spells you cast may paralyse nearby enemies.
Your touch may inflict irresistible damage on your foes.


Message History

You feel drained. The skeletal warrior barely misses you.
You shoot a bolt. The bolt hits the skeletal warrior.
The skeletal warrior is moderately damaged.
The skeletal warrior barely misses you.
You shoot a bolt. The bolt hits the skeletal warrior!!
The skeletal warrior is heavily damaged.
The skeletal warrior hits you with a +2 short sword of draining!
You feel drained.
The skeletal warrior hits you but does no damage.
You feel drained.
You shoot a bolt.
The bolt closely misses the skeletal warrior.
The skeletal warrior hits you with a +2 short sword of draining!!
You feel drained.
You shoot a bolt.
The bolt closely misses the skeletal warrior.
The skeletal warrior closely misses you.
The skeletal warrior hits you with a +2 short sword of draining.
You feel drained.
You are too injured to fight recklessly!
You are too injured to fight recklessly!
Unknown command.
Fire: h) +5 arbalest
Press: ? - help, Shift-Dir - straight line, f/p - skeletal warrior
Aim: a skeletal warrior, wielding a +2 short sword of draining (heavily damaged, 71% to hit)
You shoot a bolt. The bolt hits the skeletal warrior.
The skeletal warrior is heavily damaged.
The skeletal warrior barely misses you.
Fire: h) +5 arbalest
Press: ? - help, Shift-Dir - straight line, f/p - skeletal warrior
Aim: a skeletal warrior, wielding a +2 short sword of draining (heavily damaged, 71% to hit)
You shoot a bolt.
The bolt closely misses the skeletal warrior.
The skeletal warrior hits you with a +2 short sword of draining!
You feel drained.
The skeletal warrior hits you with a +2 short sword of draining!!
* * * LOW HITPOINT WARNING * * *
You feel drained.
You die...
Your body crumbles into a pile of gold.

#.........#
#..<..z.<.#
#....zz...#
#............#
#########....#
....####+##
....#.....#
....#∩....# #
....#@....# .#
#.z...##..# ##
#.........# ...
#......#... ...######
####'#.# ........#
#.# # #......#
########.#
#......####.....##.#
##.........'........#


You could see a skeletal warrior.

Vanquished Creatures
  A fire dragon (D:9)
  2 hydras
  3 two-headed ogres
  4 skeletal warriors (D:12)
  A cyclops (D:12)
  A manticore (D:9)
  A gargoyle (D:6)
  An unseen horror (D:7)
  Maggie (D:8)
  A komodo dragon (D:12)
  2 trolls
  Grinder (D:3)
  A wraith (D:11)
  2 wyverns
  22 yaks
  A vampire (D:11)
  Eustachio (D:4)
  5 vampire mosquitoes
  2 basilisks
  A steam dragon (D:8)
  A warg (D:12)
  3 water moccasins
  2 acid dragons
  2 sky beasts (D:8)
  4 orc warriors
  3 ice beasts
  The ghost of Zvl3 the Shooter, an amateur MiHu (D:2)
  A black bear (D:7)
  2 centaurs
  3 ogres
  3 kobold brigands
  A bullfrog (D:6)
  A scorpion (D:4)
  5 necrophages
  3 gnoll sergeants
  5 wights (D:8)
  13 killer bees
  8 howler monkeys
  2 gnoll boudas
  3 hounds
  Crazy Yiuf (D:2)
  11 orc priests
  3 jellies
  3 iguanas
  Terence (D:2)
  Natasha (thrice) (D:3)
  11 orc wizards
  7 adders
  20 gnolls
  A white imp (D:7)
  4 ufetubi
  A worm (D:3)
  7 dart slugs
  42 orcs
  8 endoplasms
  7 giant cockroaches
  8 goblins
  4 hobgoblins
  3 quokkas
  6 ball pythons
  7 bats
  2 frilled lizards
  17 kobolds
  4 rats
301 creatures vanquished.

Vanquished Creatures (collateral kills)
  A manticore (D:9)
  A gnoll sergeant (D:9)
2 creatures vanquished.

Vanquished Creatures (others)
  An orc wizard (D:7)
  A bush (D:11)
  5 fungi (D:11)
  17 plants
24 creatures vanquished.

Grand Total: 327 creatures vanquished

Notes
Turn   | Place    | Note
-------+----------+-------------------------------------------
     0 | D:1      | Newt the Demonspawn Gladiator began the quest for the Orb.
     0 | D:1      | Reached XP level 1. HP: 16/16 MP: 1/1
   126 | D:1      | Reached skill level 1 in Stealth
   263 | D:1      | Gained mutation: You may rarely emit foul miasma when
                  | damaged in melee. [demonic ancestry]
   263 | D:1      | Reached XP level 2. HP: 22/22 MP: 2/2
   318 | D:1      | Found a faded altar of an unknown god.
   637 | D:2      | Noticed Terence
   648 | D:2      | Killed Terence
   649 | D:2      | Gained mutation: Your touch may inflict minor irresistible
                  | damage on your foes. [demonic ancestry]
   649 | D:2      | Reached XP level 3. HP: 18/27 MP: 3/3
   803 | D:2      | Reached XP level 4. HP: 32/33 MP: 4/4
   926 | D:2      | Identified the +1 ring mail of Too Many Cooks {Int+3}
  1043 | D:2      | Found a runed translucent door.
  1044 | D:2      | Noticed Crazy Yiuf
  1402 | D:2      | Killed Crazy Yiuf
  1403 | D:2      | Gained mutation: Spells you cast may paralyse adjacent
                  | enemies. [demonic ancestry]
  1403 | D:2      | Reached XP level 5. HP: 38/38 MP: 5/5
  1532 | D:3      | Found a runed translucent gate.
  1532 | D:3      | Found a runed translucent gate.
  1532 | D:3      | Found a runed translucent gate.
  1536 | D:3      | Noticed Zvl3's ghost (amateur MiHu)
  1538 | D:3      | Identified the +1 chain mail of Pantheism {Str+5 Dex+4}
  1632 | D:3      | Found an ancient bone altar of Kikubaaqudgha.
  1688 | D:3      | Noticed Natasha
  1696 | D:3      | Killed Natasha
  1706 | D:3      | Noticed Natasha
  1712 | D:3      | Killed Natasha
  1736 | D:3      | Noticed Natasha
  1745 | D:3      | Killed Natasha
  2104 | D:3      | Noticed Grinder
  2242 | D:3      | Reached XP level 6. HP: 12/44 MP: 6/6
  2276 | D:3      | Paralysed by Grinder for 4 turns
  2303 | D:2      | Killed Zvl3's ghost
  2304 | D:2      | Reached skill level 5 in Maces & Flails
  2672 | D:3      | Paralysed by Grinder for 5 turns
  2701 | D:3      | Paralysed by Grinder for 2 turns
  2702 | D:3      | Killed Grinder
  2703 | D:3      | Reached XP level 7. HP: 37/52 MP: 7/7
  2865 | D:4      | Found a hide-covered altar of Uskayaw.
  2975 | D:4      | Noticed Eustachio
  3006 | D:4      | Killed Eustachio
  3007 | D:4      | Reached skill level 5 in Ranged Weapons
  3204 | D:4      | Gained mutation: Spells you cast may paralyse nearby
                  | enemies. [demonic ancestry]
  3204 | D:4      | Reached XP level 8. HP: 58/58 MP: 8/8
  3486 | D:4      | Found an opulent altar of Gozag.
  3490 | D:4      | Found a radiant altar of Vehumet.
  3497 | D:4      | Found a sacrificial altar of Ru.
  3498 | D:4      | Found an ornate altar of the Wu Jian Council.
  3499 | D:4      | Found a snail-covered altar of Cheibriados.
  3540 | D:4      | Found a basalt altar of Yredelemnul.
  3639 | D:4      | Found a sparkling altar of Nemelex Xobeh.
  3811 | D:4      | Became a worshipper of Gozag Ym Sagoz the Greedy
  3887 | D:5      | Entered Level 5 of the Dungeon
  4383 | D:5      | Reached skill level 5 in Fighting
  4561 | D:6      | Noticed a gargoyle
  4569 | D:6      | Killed a gargoyle
  4987 | D:6      | Reached skill level 5 in Armour
  5030 | D:6      | Reached XP level 9. HP: 68/68 MP: 9/9
  5104 | D:6      | Found a staircase to the Ecumenical Temple.
  5655 | D:7      | Killed an unseen horror
  5706 | D:7      | Reached skill level 1 in Spellcasting
  5919 | D:7      | Found a hazy altar of Hepliaklqana.
  6253 | D:7      | Found a stormy altar of Qazlal.
  6772 | D:8      | Identified the +1 helmet of the Sacrificial Victim {rF+}
  6814 | D:8      | Noticed Maggie
  6819 | D:8      | Killed Maggie
  6820 | D:8      | Gained mutation: You sometimes emit foul miasma when
                  | damaged in melee. [demonic ancestry]
  6820 | D:8      | Reached XP level 10. HP: 72/74 MP: 15/17
  6979 | D:8      | Reached skill level 5 in Spellcasting
  7038 | D:8      | Reached skill level 1 in Translocations
  8155 | D:9      | Noticed a six-headed hydra
  8156 | D:9      | Noticed a manticore
  8321 | D:9      | Killed a six-headed hydra
  8322 | D:9      | Reached skill level 5 in Translocations
  8375 | D:9      | Reached skill level 1 in Hexes
  8382 | D:9      | Killed a manticore
  8606 | D:9      | Noticed a fire dragon
  8607 | D:9      | Noticed a manticore
  8632 | D:9      | Killed a fire dragon
  8633 | D:9      | Reached skill level 5 in Hexes
  8648 | D:9      | Killed a manticore
  8690 | D:10     | Entered Level 10 of the Dungeon
  8690 | D:10     | Noticed a two-headed ogre
  8696 | D:9      | Killed a two-headed ogre
  8697 | D:9      | Gained mutation: Your touch may inflict irresistible damage
                  | on your foes. [demonic ancestry]
  8697 | D:9      | Reached XP level 11. HP: 38/79 MP: 18/20
  8917 | D:10     | Learned a level 3 spell: Portal Projectile
  9288 | D:10     | Bought a glowing arbalest for 202 gold pieces
  9288 | D:10     | Bought a runed leather armour for 135 gold pieces
  9636 | D:10     | Found a burning altar of Makhleb.
  9856 | D:11     | Identified the +6 plate armour "Didoluas" {-Cast rPois
                  | Slay+2}
  9980 | D:11     | Noticed a two-headed ogre
 10007 | D:11     | Killed a two-headed ogre
 10143 | D:12     | Noticed a skeletal warrior
 10143 | D:12     | Noticed a skeletal warrior
 10143 | D:12     | Noticed a skeletal warrior
 10188 | D:11     | Found a staircase to the Lair.
 10662 | D:11     | Identified the +2 chain mail "Haot" {+Blink +Inv rPois}
 10700 | D:11     | Identified the +4 hand axe "Ogoewnet" {elec, Contam rN++
                  | rCorr Stlth-}
 10731 | D:11     | Identified a scroll of acquirement
 10731 | D:11     | Acquired Newt's Guide on Hurtful Shifting
 10928 | D:12     | Noticed a two-headed ogre
 10932 | D:12     | Noticed a six-headed hydra
 10938 | D:12     | Killed a two-headed ogre
 10943 | D:12     | Killed a six-headed hydra
 11074 | D:12     | Found a staircase to the Orcish Mines.
 11083 | D:12     | Reached XP level 12. HP: 86/86 MP: 24/24
 11136 | D:12     | Found Riebov's Antique Armour Boutique.
 11141 | D:12     | Bought a glowing helmet for 232 gold pieces
 11268 | D:12     | Learned a level 3 spell: Gell's Gravitas
 11687 | D:12     | Identified the +6 ring mail of Integrity {rC++ Dex+5}
 12028 | D:12     | Found Xueteamu's General Store.
 12047 | D:12     | Slain by a skeletal warrior

Illustrated notes

Levels and vault maps discovered:
D:1:      erik_arrival_orb_chamber, layout_basic,
          shapermc_ecumenical_altar_mp_highgroup
D:2:      layout_loops_ring, minmay_pentomino_v4, uniq_terence,
          uniq_crazy_yiuf_cottage
D:3:      layout_loops_ring, mainiacjoe_overflow_24_doors,
          biasface_ghost_orc_armoury, uniq_natasha, uniq_grinder
D:4:      layout_loops_ring, minitemple, overflow_temple_1_default,
          mainiacjoe_overflow_alcove_1, mainiacjoe_overflow_swirl,
          grunt_ministairs_15, minmay_misc_feat_alley, uniq_eustachio
D:5:      layout_loops_ring
D:6:      layout_rooms, minmay_temple_entry_hall
D:7:      layout_basic, mainiacjoe_overflow_boulevard,
          mainiacjoe_overflow_surrounded_room
D:8:      layout_loops_corners, david_defended_altar_orc, uniq_maggie
D:9:      layout_rooms, grunt_tough_drop
D:10:     layout_long_grid, bloody_makhleb
D:11:     layout_basic, minmay_lair_entry_grove
D:12:     layout_basic, david_orc_3, serial_shops, kennysheep_mini_moat,
          nicolae_shop_hallway_plus, shop

Skill      XL: |  1  2  3  4  5  6  7  8  9 10 11 12 |
---------------+-------------------------------------+-----
Stealth        | 1 2 |  2.0
Maces & Flails | 2 3 4 5 |  5.0
Fighting       | 3 5 6 |  6.9
Ranged Weapons | 3 5 6 8 |  8.6
Armour         | 5 |  5.0
Dodging        | 3 4 |  4.0
Spellcasting   | 4 6 8 |  8.0
Translocations | 5 7 8 |  8.0
Hexes          | 5 7 8 |  8.0
Short Blades   | |  2.6
Throwing       | |  1.7

Action                   |  1- 3 |  4- 6 |  7- 9 | 10-12 || total
-------------------------+-------+-------+-------+-------++-------
Melee: Rapier            |     8 |       |       |       ||     8
       Whip              |    36 |   115 |       |       ||   151
       Touch             |     3 |    22 |       |       ||    25
       Arbalest          |       |       |     2 |       ||     2
 Fire: Sling             |    28 |       |       |       ||    28
       Arbalest          |       |    10 |   312 |   412 ||   734
Throw: Throwing net      |       |       |     2 |     6 ||     8
 Cast: Portal Projectile |       |       |       |    12 ||    12
       Gell's Gravitas   |       |       |       |     3 ||     3
Invok: Call Merchant     |       |       |       |     1 ||     1
Evoke: Wand              |       |       |       |     1 ||     1
  Use: Scroll            |       |     8 |    13 |     9 ||    30
       Potion            |       |       |       |     3 ||     3
 Stab: Sleeping          |     2 |     1 |       |       ||     3
Armor: Leather armour    |    20 |     3 |       |    51 ||    74
       Ring mail         |       |    23 |       |       ||    23
       Chain mail        |       |     3 |   191 |   116 ||   310
Dodge: Dodged            |    40 |    57 |   111 |   261 ||   469
       Repelled          |       |       |     3 |     1 ||     4

Table legend: (Time is in decaauts)
 A = Elapsed time spent in this place.
 B = Non-inter-level travel time spent in this place.
 C = Inter-level travel time spent in this place.
 D = Time resting spent in this place.
 E = Time spent auto-exploring this place.
 F = Levels seen in this place.
 G = Mean time per level.
                   A        B        C        D        E       F      G
               +--------+--------+--------+--------+--------+-----+--------+
         Total |  12645 |  12044 |    601 |   2522 |   7019 |  12 | 1053.8 |
       Dungeon |  12645 |  12044 |    601 |   2522 |   7019 |  12 | 1053.8 |
               +--------+--------+--------+--------+--------+-----+--------+

Top non-repeatable levels by time:
     D:7: 1582 daAuts
     D:9: 1385 daAuts
     D:2: 1230 daAuts
    D:12: 1205 daAuts
     D:4: 1160 daAuts
    D:11: 1150 daAuts
     D:8: 1007 daAuts
     D:3: 971 daAuts
    D:10: 803 daAuts
     D:6: 780 daAuts
     D:5: 727 daAuts
     D:1: 639 daAuts
